 Dungeon Crawl Stone Soup version 0.26-a0-720-g2a1d101370 (console) character file.

Game seed: 2343984131518250511

139 om the Grave Robber (level 5, -7/42 HPs)
             Began as a Deep Dwarf Necromancer on Nov 2, 2020.
             Mangled by Sigmund
             ... wielding a +1 scythe of venom
              (8 damage)
             ... on level 3 of the Dungeon.
             The game lasted 00:13:23 (4198 turns).

om the Grave Robber (Deep Dwarf Necromancer)        Turns: 4198, Time: 00:13:23

Health: -7/42      AC:  2    Str: 11 (13) XL:     5   Next: 1%
Magic:  4/8        EV: 13    Int: 13 (15) God:
Gold:   157        SH:  0    Dex: 12 (13) Spells: 5/9 levels left

rFire    . . .     SeeInvis .   i - +0 dagger
rCold    . . .     Faith    .   (no shield)
rNeg     . . .     Spirit   .   a - +0 robe
rPois    .         Reflect  .   (no helmet)
rElec    .         Harm     .   (no cloak)
rCorr    .         Rampage  .   (no gloves)
MR       .....                  (no boots)
Stlth    ++........             (no amulet)
HPRegen  0.00/turn              (no ring)
MPRegen  0.11/turn              (no ring)

@: lethally poisoned (-7 -> -7), stab, non-regenerating, hasted, very quick
A: damage resistance, heal wounds, sense surroundings 1, no regeneration
a: Heal Wounds


You were on level 3 of the Dungeon.
You visited 1 branch of the dungeon, and saw 3 of its levels.

You collected 157 gold pieces.

Inventory:

Hand Weapons
 e - a +0 club
 i - a +0 dagger (weapon)
Armour
 a - a +0 robe (worn)
Jewellery
 b - an uncursed ring of wizardry {unknown}
 m - an uncursed ring of stealth {unknown}
 t - an uncursed ring of fire {unknown}
Scrolls
 c - 4 scrolls of identify {unknown}
 d - a scroll of remove curse {unknown}
 g - 2 scrolls of amnesia {unknown}
 h - a scroll of magic mapping {unknown}
 l - a scroll of blinking {unknown}
 p - a scroll of enchant weapon {unknown}
 s - 2 scrolls of teleportation {unknown}
Potions
 f - a potion of stabbing
 j - 3 potions of degeneration
 k - a potion of might {unknown}
 n - a potion of mutation {unknown}
 o - a potion of ambrosia {unknown}
 q - a potion of haste
 r - a potion of magic {unknown}


   Skills:
 * Level 4.0 Dodging
 + Level 3.6 Stealth
 + Level 2.5 Spellcasting
 - Level 5.0 Necromancy


You had 5 spell levels left.
You knew the following spells:

 Your Spells              Type           Power        Failure   Level
a - Pain                  Necr           ##..         3%          1
b - Vampiric Draining     Necr           ##........   10%         3

Your spell library contained the following spells:

 Spells                   Type           Power        Failure   Level
 Animate Skeleton         Necr           ##....       3%          1
 Animate Dead             Necr           ##........   30%         4
 Agony                    Necr           ##......     65%         5


Dungeon Overview and Level Annotations

Branches:
Dungeon (3/15)

Altars:
Nemelex Xobeh

Annotations:
D:3 1 runed translucent door, Crazy Yiuf, Grinder, Sigmund


Innate Abilities, Weirdness & Mutations

You are resistant to damage.
You can heal yourself by infusing magical energy.
You passively map a small area around you.
You do not regenerate.


Message History

You are more poisoned.
It was a potion of degeneration.
There was something very wrong with that liquid.
You feel weakened.
You feel dopey.
You feel clumsy.
You feel sick.
It was a potion of haste.
You feel yourself speed up.
A magic dart appears from out of thin air!
The magic dart hits you.
* * * LOW HITPOINT WARNING * * *
Something hits you.
* * * LOW HITPOINT WARNING * * *
Okay, then.
Okay, then.
Okay, then.
It was a potion of stabbing.
You feel ready to backstab.
You feel less confused. Something barely misses you. Something hits you!
You die...

, ##.........##.### #.. * *
#..............# #.. *
######...###.#.### #.. ,
##...#.##..#...## #..
#..###.##.####..# #.# * ######.##
#....# ##.####.# #
#.†.)..#####.#######...##.#
##.####.####.....#......####....#
........###..............#*##..##
......####......{.........* ####
......# #......@.........*
......# #........†.......*
......# #.......$........*
......# #................ #######
#................
##..............#
##.....##.....## ####### ######


There were no monsters in sight!

Vanquished Creatures
  A scorpion (D:3)
  An adder (D:3)
  An ooze (D:1)
  2 dart slugs
  A leopard gecko (D:2)
  2 orcs
  A ball python (D:3)
  3 giant cockroaches
  11 goblins
  8 hobgoblins
  2 quokkas (D:3)
  10 bats
  6 frilled lizards
  10 kobolds
  11 rats
70 creatures vanquished.

Vanquished Creatures (others)
  11 plants (D:1)
11 creatures vanquished.

Grand Total: 81 creatures vanquished

Notes
Turn   | Place    | Note
-------+----------+-------------------------------------------
     0 | D:1      | om the Deep Dwarf Necromancer began the quest for the Orb.
     0 | D:1      | Reached XP level 1. HP: 15/15 MP: 3/3
   395 | D:1      | Reached XP level 2. HP: 14/22 MP: 0/4
  1657 | D:1      | Reached XP level 3. HP: 14/28 MP: 1/6
  1662 | D:1      | Learned a level 3 spell: Vampiric Draining
  2472 | D:2      | Found a faded altar of an unknown god.
  2561 | D:2      | Reached skill level 5 in Necromancy
  3114 | D:3      | Found a sparkling altar of Nemelex Xobeh.
  3154 | D:3      | Noticed a scorpion
  3171 | D:3      | Reached XP level 4. HP: 35/36 MP: 5/7
  3250 | D:3      | Upgraded the game from 0.26-a0-712-ga5a9c9c9d0 to
                  | 0.26-a0-720-g2a1d101370
  3646 | D:3      | Found a runed translucent door.
  3647 | D:3      | Noticed Crazy Yiuf
  3697 | D:3      | Noticed Grinder
  3747 | D:3      | Noticed Sigmund
  4030 | D:3      | Reached XP level 5. HP: 27/42 MP: 1/8
  4194 | D:3      | HP: 1/42 [something (4)]
  4198 | D:3      | Mangled by Sigmund

Illustrated notes

Levels and vault maps discovered:
D:1:      nicolae_arrival_somewhat_less_tricky_arrival, layout_basic,
          serial_forest, infiniplex_forest_clump_diagonal,
          infiniplex_forest_clump_cross, infiniplex_forest_zigzag_2,
          infiniplex_forest_straight_2, infiniplex_forest_clump_curved,
          infiniplex_forest_clump_large, infiniplex_forest_diagonal,
          infiniplex_forest_end_2
D:2:      layout_rooms, chequers_ecumenical_altar_simple_redux
D:3:      layout_rooms, overflow_temple_1_default, uniq_sigmund, uniq_grinder,
          uniq_crazy_yiuf_cottage

Skill      XL: |  1  2  3  4 |
---------------+-------------+-----
Spellcasting   | 2 |  2.5
Dodging        | 3 4 |  4.0
Necromancy     | 5 |  5.0
Stealth        | 3 |  3.6

Action                   |  1- 3 |  4- 6 || total
-------------------------+-------+-------++-------
Melee: Club              |    17 |       ||    17
       Unarmed           |     2 |       ||     2
       Dagger            |    26 |     9 ||    35
 Cast: Pain              |    79 |    15 ||    94
       Vampiric Draining |    12 |     9 ||    21
  Use: Potion            |       |     3 ||     3
 Stab: Sleeping          |     2 |       ||     2
Armor: Robe              |    28 |     4 ||    32
Dodge: Dodged            |   102 |    19 ||   121

Table legend: (Time is in decaauts)
 A = Elapsed time spent in this place.
 B = Non-inter-level travel time spent in this place.
 C = Inter-level travel time spent in this place.
 D = Time resting spent in this place.
 E = Time spent auto-exploring this place.
 F = Levels seen in this place.
 G = Mean time per level.
                   A        B        C        D        E       F      G
               +--------+--------+--------+--------+--------+-----+--------+
         Total |   4207 |   4066 |    141 |   1756 |   1551 |   3 | 1402.3 |
       Dungeon |   4207 |   4066 |    141 |   1756 |   1551 |   3 | 1402.3 |
               +--------+--------+--------+--------+--------+-----+--------+

Top non-repeatable levels by time:
     D:1: 2313 daAuts
     D:2: 1001 daAuts
     D:3: 892 daAuts
